 Dungeon Crawl Stone Soup version 0.17-a0-105-g8f3376a (webtiles) character file.

232765 BluebellGnoll the Imperceptible (level 18, 0/92 HPs)
             Began as a Spriggan Enchanter on Mar 16, 2015.
             Was the Champion of Vehumet.
             Slain by a large abomination (20 damage)
             ... created by a deep elf priest
             ... on level 2 of the Elven Halls on Mar 18, 2015.
             The game lasted 06:03:04 (49456 turns).

BluebellGnoll the Imperceptible (SpEn)             Turns: 49456, Time: 06:03:04

Health: 0/92       AC:  8    Str:  4      XL:     18   Next: 39%
Magic:  46/50      EV: 35    Int: 38      God:    Vehumet [******]
Gold:   1079       SH:  0    Dex: 17 (18) Spells: 13 memorised, 2 levels left

rFire  . . .     SeeInvis +     q - +9 rapier of Laga Ner {flame, -Tele Int+8}
rCold  x . .     Clarity  +     j - +2 robe {Archmagi}
rNeg   . . .     SustAb   .     (shield restricted)
rPois  +         Gourm    .     L - +1 hat {MR+}
rElec  .         Spirit   .     A - +2 cloak {+Inv}
rCorr  .         Warding  .     (gloves unavailable)
rMut   .         NoTele   +     (boots unavailable)
MR     ++++.                    b - amulet of clarity
Stlth  +++++++++.               T - ring of magical power
                                I - ring of Ukiu {rPois rC- Int+7 SInv}

@: very quick, incredibly resistant to hostile enchantments, incredibly stealthy
A: unfitting armour, see invisible, breathe flames 1, herbivore 3, speed 3, slow
metabolism 2
a: Renounce Religion, Breathe Fire, Evoke Invisibility
}: 2/15 runes: decaying, gossamer


You were on level 2 of the Elven Halls.
You worshipped Vehumet.
Vehumet was exalted by your worship.
You were full.

You visited 7 branches of the dungeon, and saw 40 of its levels.
You also visited: Labyrinth and Bailey.

You collected 4240 gold pieces.
You spent 3161 gold pieces at shops.

Inventory:

Hand weapons
 q - the +9 rapier of Laga Ner (weapon) {flame, -Tele Int+8}
   (You found it on level 2 of the Swamp)

   It has been specially enchanted to burn those struck by it, causing extra
   injury to most foes and up to half again as much damage against particularly
   susceptible opponents.
   It affects your intelligence (+8).
   It prevents most forms of teleportation.
 J - a +0 blowgun
 R - a +9 rapier of freezing
Missiles
 h - 3 throwing nets (quivered)
 u - 11 curare-tipped needles
Armour
 j - a +2 robe of the Archmagi (worn)
 p - a +2 robe of resistance
 A - a +2 cloak of invisibility (worn)
 L - a +1 hat of magic resistance (worn)
Rods
 k - a +8 iron rod (13/13)
   (You took it off a minotaur in a labyrinth)
 l - a +4 rod of clouds (12/12)
   (You bought it in a shop on level 4 of the Orcish Mines)
Jewellery
 b - an amulet of clarity (around neck)
 f - an uncursed amulet of rage
 s - an uncursed amulet of warding
 C - an uncursed ring of protection from cold
 I - the ring of Ukiu (left hand) {rPois rC- Int+7 SInv}
   (You found it on level 2 of the Lair of Beasts)

   [ring of see invisible]

   It affects your intelligence (+7).
   It makes you vulnerable to cold.
   It protects you from poison.
   It enhances your eyesight.
 P - an uncursed ring of teleportation
 T - a ring of magical power (right hand)
 Y - an uncursed ring of fire
Magical devices
 a - a wand of paralysis (13)
 v - a wand of fire (4)
 E - a wand of draining (11)
 N - a wand of polymorph (8)
 Q - a wand of hasting (6)
 V - a wand of digging (6)
 Z - a wand of cold (5)
Scrolls
 d - 5 scrolls of identify
 e - 13 scrolls of remove curse
 g - 4 scrolls of recharging
 w - 15 scrolls of teleportation
 x - 2 scrolls of fog
 y - 4 scrolls of fear
 G - 3 scrolls of immolation
 K - a scroll of summoning
 S - 2 scrolls of blinking
 U - 4 scrolls of magic mapping
Potions
 i - 4 potions of heal wounds
 m - 11 potions of curing
 o - a potion of cancellation
 r - a potion of haste
 t - a potion of agility
 B - a potion of invisibility
 D - 6 potions of magic
 F - a potion of resistance
 H - a potion of restore abilities
 O - a potion of berserk rage
Miscellaneous
 c - a phial of floods
 n - a sack of spiders
 M - a fan of gales
Comestibles
 z - 14 bread rations


   Skills:
 - Level 9.0 Fighting
 - Level 10.1 Short Blades
 - Level 3.4 Throwing
 - Level 20.4 Dodging
 - Level 22.1 Stealth
 - Level 17.2 Spellcasting
 - Level 10.6 Conjurations
 - Level 6.5 Hexes
 - Level 3.3 Fire Magic
 + Level 3.4 Earth Magic
 - Level 8.5 Evocations


You had 2 spell levels left.
You knew the following spells:

 Your Spells              Type           Power        Failure   Level  Hunger
a - Regeneration          Chrm/Necr      #####.....   3%          3    None
b - Ensorcelled Hibernat  Hex/Ice        ######       1%          2    None
c - Confuse               Hex            #######.     1%          3    None
d - Sure Blade            Hex/Chrm       ######....   1%          2    None
e - Dazzling Spray        Conj/Hex       #######.     1%          3    None
f - Enslavement           Hex            #######.     1%          4    None
g - Mephitic Cloud        Conj/Pois/Air  ######..     1%          3    None
h - Fireball              Conj/Fire      #######...   1%          5    None
i - Lee's Rapid Deconstr  Erth           ######....   2%          5    None
j - Bolt of Draining      Conj/Necr      #######...   1%          5    None
k - Orb of Destruction    Conj           ########..   4%          7    ##.....
l - Inner Flame           Hex/Fire       #######.     1%          3    None
m - Sticky Flame          Conj/Fire      #######.     1%          4    None


Dungeon Overview and Level Annotations

Branches:
Dungeon (15/15)            Temple (1/1) D:4            Lair (8/8) D:10
  Swamp (5/5) Lair:3       Spider (5/5) Lair:4        Slime (0/6) Lair:7
    Orc (4/4) D:9             Elf (2/3) Orc:3        Vaults (0/5) D:13
 Depths (0/5) D:15

Altars:
Cheibriados
Kikubaaqudgha
Makhleb
Okawaru
Ru
Trog
Vehumet
Xom
Yredelemnul
Zin
Jiyva

Shops:
D:5 :   D:6 *   D:9 !   D:10 (   D:14 %   Orc:1 ([   Orc:4 (:}%

Annotations:
D:10 fly


Innate Abilities, Weirdness & Mutations

You are tiny and cannot use many weapons and most armour.
You have supernaturally acute eyesight.
You are a herbivore.
You cover ground extremely quickly.
You need consume almost no food.
You can breathe flames.


Message History

The deep elf knight is engulfed in noxious fumes.
The deep elf knight hits you with a scimitar!
The deep elf priest is engulfed in noxious fumes.
The deep elf priest appears confused.
You closely miss the deep elf knight.
The deep elf knight is moderately wounded.
The deep elf priest mumbles some strange prayers to its god.
A corpse begins to drag itself along the ground!
Some corpses meld into an agglomeration of writhing flesh!
A small abomination comes into view.
Unknown command.
The deep elf priest hits the small abomination with an uncursed short sword.
The deep elf knight casts a spell at you.
The stone arrow hits you!
* * * LOW HITPOINT WARNING * * *
A crawling corpse merges with a small abomination to form a large abomination.
Unknown command.
Drink which item? (? for menu, Esc to quit)
You feel much better. The large abomination hits you!!
You die...

#........# #......
#......... .......
##........## #......
##.)........###.......
#.....................
##....................
#)..)...(.............
##..).................
##)(@................
##.X.#.............#.
##.ee###...........###
#..)## ##.).......## #
##..ยง#
#...........###
##e..#.............#.
#.).................
....................
.....................


You could see a deep elf knight, a large abomination and 2 deep elf priests.

Vanquished Creatures
  Arachne (Spider:3)
  Asterion (Swamp:4)
  A deep elf blademaster (Elf:2)
  A thorn hunter (Swamp:4)
  Rupert (D:14)
  Agnes (Swamp:5)
  Kirke (Spider:5)
  Roxanne (Spider:5)
  Donald (Spider:4)
  An orc warlord (Orc:4)
  Maud (Lair:4)
  8 emperor scorpions
  7 ghost moths
  Aizul (Spider:4)
  Louise (Spider:5)
  A deep elf sorcerer (Elf:2)
  Gastronok (Lair:2)
  The ghost of MrRokkomies the Swashbuckler, a mighty KoAK of Lugonu (D:15)
  Jorgrun (Spider:5)
  Azrael (D:14)
  The ghost of UristMcMason the Eclecticist, a powerful DEWz of Vehumet (Lair:4)
  Snorg (Orc:2)
  A minotaur (Lab)
  Josephine (Orc:2)
  14 hydras
  3 ice dragons (Swamp:5)
  A ghost crab (Swamp:3)
  Erica (D:13)
  4 centaur warriors
  An ogre mage (D:15)
  3 catoblepae
  15 death yaks (Lair:8)
  6 dancing weapons (Elf:2)
  6 alligators
  A satyr (shapeshifter) (D:13)
  2 orc high priests
  Nergalle (Orc:2)
  6 deep elf knights
  3 spriggan druids
  5 swamp dragons
  Erolcha (Orc:3)
  A shambling mangrove (Swamp:3)
  A deep elf summoner (Elf:1)
  5 hill giants
  An unseen horror (D:10)
  6 orc knights
  2 necromancers
  3 wizards (D:15)
  3 orc sorcerers
  A phantasmal warrior (D:13)
  14 orb spiders
  2 deep elf conjurers
  7 hornets
  31 wolf spiders
  11 elephants
  4 ugly things
  A griffon (Lair:3)
  3 cyclopes
  Maurice (Orc:3)
  A moth of wrath (Spider:5)
  6 black mambas
  2 gargoyles
  A queen ant (Lair:3)
  35 spiny frogs
  4 centaur skeletons
  A fire drake (Lair:6)
  14 demonic crawlers
  A kobold demonologist (D:15)
  11 komodo dragons
  5 deep elf priests
  6 two-headed ogres
  A queen bee (shapeshifter) (Elf:1)
  4 trolls
  17 jumping spiders
  A polar bear (Lair:7)
  4 freezing wraiths (Swamp:5)
  4 slime creatures (D:13)
  2 boulder beetles
  6 bog bodies
  6 giant leeches
  4 ravens
  A harpy skeleton (D:15)
  4 basilisks
  A trapdoor spider zombie (D:15)
  11 blink frogs
  2 baby alligators (Lair:3)
  27 redbacks
  A trapdoor spider (shapeshifter) (D:13)
  12 spriggans
  A wyvern (Lair:6)
  5 shadows
  A vampire (D:15)
  13 deep elf magi
  22 tarantellas
  13 trapdoor spiders
  Eustachio (D:10)
  A hungry ghost (D:15)
  9 wraiths
  4 wolves (Lair:2)
  49 yaks
  2 centaur simulacra (D:15)
  11 deep elf fighters
  6 fire elementals (D:14)
  10 hippogriffs
  4 swamp worm simulacra (Swamp:5)
  11 vampire mosquitoes
  17 hydra simulacra (Swamp:5)
  7 wargs
  2 mottled dragons
  Edmund (D:8)
  29 water moccasins
  15 insubstantial wisps
  9 soldier ants
  30 swamp worms
  A hell hound (D:14)
  6 sky beasts
  12 porcupines
  11 swamp drakes
  45 orc warriors
  An eye of draining (D:12)
  4 ice beasts
  14 ogres
  2 black bears
  2 phantoms
  17 spiders
  2 boring beetles
  14 wasps
  22 crocodiles
  13 centaurs
  A gnoll sergeant (D:9)
  A wyvern zombie (D:13)
  A big kobold (D:10)
  27 giant frogs
  A troll zombie (D:15)
  2 wyvern skeletons
  3 scorpions
  2 electric eels
  5 crimson imps
  2 quasits
  A goliath beetle (D:6)
  17 hounds
  5 centaur zombies
  A spectral giant frog (Swamp:3)
  A giant frog skeleton (D:13)
  A giant frog zombie (D:11)
  25 orc priests
  4 human zombies (D:15)
  10 iguanas
  4 human skeletons (D:15)
  27 worker ants
  5 jellies
  22 orc wizards
  2 yak simulacra (Lair:6)
  4 wolf simulacra (Lair:6)
  19 sheep
  A polar bear simulacrum (Lair:6)
  A hound skeleton (D:11)
  20 adders
  9 gnolls
  48 river rats
  3 shadow imps
  A worm (D:3)
  A giant mite (D:6)
  4 swamp drake simulacra (Swamp:5)
  7 giant geckos
  175 orcs
  A ball python (D:3)
  15 bats
  A bat skeleton (D:8)
  3 bat zombies
  8 giant cockroaches
  25 goblins
  17 hobgoblins
  31 jackals
  33 kobolds
  16 quokkas
  A giant gecko skeleton (D:4)
  3 giant newts
  An orc zombie (D:15)
  A quokka skeleton (D:4)
  2 quokka zombies
  15 rats
  4 river rat simulacra (Lair:6)
  7 fungi
1488 creatures vanquished.

Vanquished Creatures (collateral kills)
  A catoblepas (Lair:8)
  A wolf spider (Spider:5)
  An orb spider (Spider:5)
  A trapdoor spider (Spider:5)
  A wyvern (D:15)
  An orc (D:15)
6 creatures vanquished.

Vanquished Creatures (others)
  A spiny frog (Lair:8)
  A deep elf priest (Elf:1)
  A water elemental (Lair:8)
  A redback (Spider:5)
  A tarantella (Spider:5)
  5 humans (Spider:5)
  A swamp drake (Swamp:3)
  A spider (Spider:5)
  A giant frog skeleton (D:10)
  2 fungi (Lair:8)
15 creatures vanquished.

Grand Total: 1509 creatures vanquished

Notes
Turn   | Place    | Note
--------------------------------------------------------------
     0 | D:1      | BluebellGnoll, the Spriggan Enchanter, began the quest for the Orb.
     0 | D:1      | Reached XP level 1. HP: 9/9 MP: 4/4
    51 | D:1      | Reached skill level 5 in Stealth
   268 | D:1      | Reached XP level 2. HP: 7/13 MP: 5/7
   272 | D:1      | Learned a level 2 spell: Ensorcelled Hibernation
   446 | D:1      | Reached skill level 6 in Stealth
   561 | D:1      | Reached XP level 3. HP: 8/16 MP: 6/9
   566 | D:1      | Learned a level 3 spell: Confuse
  1129 | D:2      | Reached skill level 7 in Stealth
  1516 | D:2      | Reached XP level 4. HP: 21/21 MP: 12/12
  1520 | D:2      | Learned a level 2 spell: Sure Blade
  1683 | D:2      | Reached skill level 8 in Stealth
  2368 | D:3      | Reached XP level 5. HP: 11/24 MP: 1/14
  2607 | D:3      | Reached skill level 9 in Stealth
  2891 | D:4      | Found a staircase to the Ecumenical Temple.
  2902 | Temple   | Entered the Ecumenical Temple
  2911 | Temple   | Became a worshipper of Vehumet
  2930 | D:4      | Noticed a phantom
  2952 | D:4      | Killed a phantom
  2952 | D:4      | Reached XP level 6. HP: 28/28 MP: 12/19
  2957 | D:4      | Learned a level 3 spell: Dazzling Spray
  3363 | D:4      | Reached skill level 5 in Hexes
  3551 | D:5      | Entered Level 5 of the Dungeon
  3559 | D:5      | Reached skill level 5 in Spellcasting
  3638 | D:5      | Reached XP level 7. HP: 32/32 MP: 22/22
  3686 | D:5      | Acquired Vehumet's first power
  3686 | D:5      | Offered knowledge of Sting by Vehumet.
  3888 | D:5      | Found Stuafuko's Book Boutique.
  4814 | D:6      | Found Staqe's Wicked Wares.
  4814 | D:6      | Found a basalt altar of Yredelemnul.
  4835 | D:6      | Found a staircase to the Ecumenical Temple.
  5286 | D:6      | Reached skill level 5 in Dodging
  5378 | D:6      | Reached XP level 8. HP: 36/36 MP: 25/25
  5837 | D:7      | Found an iron altar of Okawaru.
  6334 | D:8      | Offered knowledge of Magic Dart by Vehumet.
  6334 | D:8      | Reached skill level 10 in Dodging
  6505 | D:8      | Found a flagged portal.
  6525 | D:8      | Learned a level 4 spell: Enslavement
  6589 | Bailey   | Entered a bailey
  6782 | Bailey   | Noticed an orc knight
  6820 | Bailey   | Offered knowledge of Inner Flame by Vehumet.
  6820 | Bailey   | Reached skill level 1 in Conjurations
  6895 | Bailey   | Found a bloodstained altar of Trog.
  6916 | Bailey   | Killed an orc knight
  6916 | Bailey   | Reached XP level 9. HP: 10/39 MP: 14/28
  7090 | Bailey   | Learned a level 3 spell: Inner Flame
  7141 | D:8      | Noticed Edmund
  7151 | D:8      | Killed Edmund
  7580 | D:8      | Acquired Vehumet's second power
  7848 | D:9      | Reached skill level 10 in Stealth
  8068 | D:9      | Found Jaimm's Distillery.
  8080 | D:9      | Bought a potion of agility for 64 gold pieces
  8105 | D:9      | Offered knowledge of Force Lance by Vehumet.
  8105 | D:9      | Reached skill level 11 in Stealth
  8327 | D:9      | Found a staircase to the Orcish Mines.
  8344 | D:9      | Found a glowing silver altar of Zin.
  8428 | D:9      | Reached skill level 12 in Stealth
  8648 | D:9      | Reached XP level 10. HP: 44/44 MP: 30/30
  8664 | D:10     | Entered Level 10 of the Dungeon
  8690 | D:10     | Noticed Eustachio
  8752 | D:10     | Acquired Vehumet's third power
  8886 | D:10     | Noticed an unseen horror
  8932 | D:10     | Reached skill level 10 in Spellcasting
  8940 | D:10     | Offered knowledge of Venom Bolt by Vehumet.
  8942 | D:10     | Found a staircase to the Lair.
  8945 | D:10     | Killed Eustachio
  9356 | D:10     | Found Imaxal's Weapon Emporium.
  9540 | D:10     | Killed an unseen horror
  9764 | D:11     | Noticed a white ugly thing
 10095 | D:11     | Killed a white ugly thing
 10253 | D:11     | Reached skill level 13 in Dodging
 10253 | D:11     | Reached XP level 11. HP: 47/47 MP: 33/33
 10553 | D:11     | Reached skill level 1 in Fighting
 11537 | D:12     | Noticed a hill giant
 11558 | D:12     | Killed a hill giant
 11593 | D:12     | Reached skill level 5 in Fighting
 11830 | D:12     | Offered knowledge of Sticky Flame by Vehumet.
 11836 | D:12     | Learned a level 4 spell: Sticky Flame
 12141 | Lair:1   | Entered Level 1 of the Lair of Beasts
 12183 | Lair:1   | Reached skill level 5 in Short Blades
 12442 | Lair:1   | Reached skill level 14 in Stealth
 13077 | Lair:2   | Reached skill level 15 in Stealth
 13279 | Lair:2   | Reached XP level 12. HP: 60/60 MP: 34/34
 13433 | Lair:2   | Reached skill level 16 in Stealth
 13568 | Lair:2   | Noticed Gastronok
 13656 | Lair:2   | Got a brightly glowing bone ring
 13890 | Lair:2   | Reached skill level 17 in Stealth
 13914 | Lair:2   | Identified the ring of Ukiu {rPois rC- Int+7 SInv} (You found it on level 2 of the Lair of Beasts)
 14106 | Lair:2   | Killed Gastronok
 14106 | Lair:2   | Reached skill level 1 in Throwing
 14704 | Lair:3   | Reached skill level 18 in Stealth
 15028 | Lair:3   | Found a staircase to the Swamp.
 15148 | Lair:3   | Offered knowledge of Poison Arrow by Vehumet.
 15981 | Lair:4   | Noticed Maud
 15987 | Lair:4   | Killed Maud
 15987 | Lair:4   | Reached XP level 13. HP: 63/63 MP: 35/35
 16084 | Lair:4   | Noticed UristMcMason's ghost (powerful DEWz)
 16425 | Lair:4   | Reached skill level 15 in Dodging
 16524 | Lair:4   | Killed UristMcMason's ghost
 16599 | Lair:4   | Found a hole to the Spider Nest.
 17049 | Lair:5   | Reached skill level 1 in Fire Magic
 18035 | Lair:2   | Learned a level 5 spell: Fireball
 18039 | Lair:2   | Gained mutation: Your spells are a little harder to cast, but a little more powerful. [potion of mutation]
 18039 | Lair:2   | Gained mutation: You can breathe flames. [potion of mutation]
 18039 | Lair:2   | Lost mutation: Your spells are a little harder to cast, but a little more powerful. [potion of mutation]
 18152 | Orc:1    | Entered Level 1 of the Orcish Mines
 18190 | Orc:1    | Found Pniugasa's Armour Boutique.
 18333 | Orc:1    | Reached skill level 19 in Stealth
 18587 | Orc:2    | Noticed Josephine
 18589 | Orc:2    | Killed Josephine
 18947 | Orc:2    | Noticed Snorg
 18954 | Orc:2    | Noticed Nergalle
 18956 | Orc:2    | Killed Nergalle
 19306 | Orc:2    | Offered knowledge of Lee's Rapid Deconstruction by Vehumet.
 19313 | Orc:2    | Learned a level 5 spell: Lee's Rapid Deconstruction
 19530 | Orc:1    | Found Pacaj's Weapon Emporium.
 19609 | Orc:3    | Noticed Maurice
 19612 | Orc:3    | Killed Maurice
 19819 | Orc:3    | Noticed Erolcha
 19821 | Orc:3    | Killed Erolcha
 20033 | Orc:3    | Found a staircase to the Elven Halls.
 20519 | Orc:2    | Killed Snorg
 20732 | Orc:4    | Entered Level 4 of the Orcish Mines
 21060 | Orc:4    | Noticed an orc warlord
 21159 | Orc:4    | Killed an orc warlord
 21377 | Orc:4    | Reached XP level 14. HP: 38/68 MP: 37/37
 21640 | Orc:4    | Offered knowledge of Bolt of Draining by Vehumet.
 21819 | Orc:4    | Found Axaurphou's Book Emporium.
 21819 | Orc:4    | Found Sikh's Gadget Shop.
 21824 | Orc:4    | Found Yckecheo's Antique Weapon Shoppe.
 21826 | Orc:4    | Found Plog's Food Boutique.
 21897 | Orc:4    | Bought a +4 rod of clouds (12/12) for 1449 gold pieces
 21958 | Orc:4    | Reached skill level 1 in Evocations
 22560 | Lair:2   | Learned a level 5 spell: Bolt of Draining
 23597 | Lair:6   | Offered knowledge of Conjure Ball Lightning by Vehumet.
 24222 | Lair:7   | Found a runed door.
 24222 | Lair:7   | Found a viscous altar of Jiyva.
 24222 | Lair:7   | Found a staircase to the Slime Pits.
 24992 | Lair:8   | Entered Level 8 of the Lair of Beasts
 25195 | Lair:8   | Reached skill level 15 in Spellcasting
 25440 | Lair:8   | Upgraded the game from 0.17-a0-82-g3e33fa6 to 0.17-a0-83-g894156c
 25853 | Lair:8   | Offered knowledge of Orb of Destruction by Vehumet.
 26321 | Lair:8   | Found a sacrificial altar of Ru.
 26345 | Lair:8   | Learned a level 7 spell: Orb of Destruction
 26487 | Lair:8   | Reached skill level 5 in Conjurations
 26487 | Lair:8   | Reached XP level 15. HP: 51/72 MP: 27/40
 27702 | D:13     | Reached skill level 5 in Evocations
 28075 | D:13     | Noticed Erica
 28083 | D:13     | Killed Erica
 28333 | D:13     | Offered knowledge of Bolt of Cold by Vehumet.
 28480 | D:13     | Found a gate to the Vaults.
 28713 | D:14     | Found a labyrinth entrance.
 28733 | Lab      | Entered a labyrinth
 29637 | Lab      | Got a blackened broad axe
 29670 | D:14     | Identified a +4 rod of clouds (12/12) (You found it in a labyrinth)
 29671 | D:14     | Identified a +3 rod of destruction (11/11) (You found it in a labyrinth)
 29672 | D:14     | Identified a +1 rod of the swarm (9/9) (You found it in a labyrinth)
 29673 | D:14     | Identified a +6 rod of ignition (9/9) (You found it in a labyrinth)
 29692 | D:14     | Found Neab's Food Emporium.
 29758 | D:14     | Noticed Rupert
 29762 | D:14     | Killed Rupert
 29888 | D:14     | Noticed Azrael
 30013 | D:14     | Killed Azrael
 30349 | D:14     | Identified the +9 broad axe of Beogh {pain, Noisy rPois rF+ Str+2} (You found it in a labyrinth)
 30519 | D:15     | Entered Level 15 of the Dungeon
 30583 | D:14     | Reached skill level 20 in Stealth
 30841 | D:15     | Noticed MrRokkomies' ghost (mighty KoAK)
 31408 | D:15     | Found a basalt altar of Yredelemnul.
 32001 | D:15     | Killed MrRokkomies' ghost
 32421 | D:15     | Reached skill level 21 in Stealth
 32561 | D:15     | Found a staircase to the Depths.
 32587 | D:15     | Learned a level 3 spell: Regeneration
 33039 | Swamp:1  | Entered Level 1 of the Swamp
 33815 | Swamp:2  | Upgraded the game from 0.17-a0-83-g894156c to 0.17-a0-105-g8f3376a
 33845 | Swamp:2  | Reached XP level 16. HP: 76/76 MP: 40/40
 33948 | Swamp:2  | Got a jewelled rapier
 34528 | Swamp:2  | Found a bloodstained altar of Trog.
 34558 | Swamp:2  | Identified the +9 rapier of Laga Ner {flame, -Tele Int+8} (You found it on level 2 of the Swamp)
 34699 | Swamp:3  | Offered knowledge of Lehudib's Crystal Spear by Vehumet.
 34699 | Swamp:3  | Offered knowledge of Fire Storm by Vehumet.
 34699 | Swamp:3  | Offered knowledge of Glaciate by Vehumet.
 36227 | Swamp:4  | Identified a -3 rod of the swarm (13/13) (You found it on level 4 of the Swamp)
 36479 | Swamp:5  | Entered Level 5 of the Swamp
 36645 | Swamp:5  | Noticed Agnes
 36757 | Swamp:4  | Identified a scroll of acquirement
 36901 | Swamp:4  | Noticed Asterion
 36911 | Swamp:4  | Killed Asterion
 37970 | Swamp:5  | Killed Agnes
 38344 | Swamp:5  | Reached skill level 10 in Conjurations
 38658 | Swamp:5  | Got a decaying rune of Zot
 39216 | Orc:4    | Bought a book of Clouds for 630 gold pieces
 39223 | Orc:4    | Bought a bread ration for 70 gold pieces
 39223 | Orc:4    | Bought a bread ration for 70 gold pieces
 39223 | Orc:4    | Bought a bread ration for 70 gold pieces
 39364 | D:9      | Bought a potion of curing for 48 gold pieces
 39364 | D:9      | Bought a potion of heal wounds for 80 gold pieces
 39364 | D:9      | Bought a potion of heal wounds for 80 gold pieces
 39364 | D:9      | Bought a potion of magic for 128 gold pieces
 39364 | D:9      | Bought a potion of magic for 128 gold pieces
 39364 | D:9      | Bought a potion of agility for 64 gold pieces
 39466 | Elf:1    | Entered Level 1 of the Elven Halls
 39867 | Elf:1    | Learned a level 3 spell: Mephitic Cloud
 40484 | Orc:4    | Bought a sack of spiders for 280 gold pieces
 40742 | Spider:1 | Entered Level 1 of the Spider Nest
 40845 | Spider:1 | Reached XP level 17. HP: 80/80 MP: 41/41
 42992 | Spider:3 | Noticed Arachne
 43001 | Spider:3 | Killed Arachne
 43893 | Spider:4 | HP: 4/81 [demonic crawler (5)]
 43898 | Spider:3 | HP: 3/81 [poisoned by a wolf spider]
 43904 | Spider:3 | HP: 2/81 [poisoned by a wolf spider]
 43909 | Spider:3 | HP: 4/81 [poisoned by a wolf spider]
 44111 | Spider:3 | Reached skill level 10 in Short Blades
 44537 | Spider:4 | Noticed Donald
 44727 | Spider:4 | Noticed Aizul
 44909 | Spider:4 | Killed Donald
 44919 | Spider:4 | Killed Aizul
 45442 | Spider:5 | Entered Level 5 of the Spider Nest
 45636 | Spider:5 | Noticed Jorgrun
 45657 | Spider:5 | Killed Jorgrun
 45792 | Spider:5 | Noticed Kirke
 45809 | Spider:5 | Killed Kirke
 46024 | Spider:5 | Noticed Louise
 47018 | Spider:5 | Reached XP level 18. HP: 92/92 MP: 5/42
 47921 | Spider:5 | Got a gossamer rune of Zot
 48049 | Spider:5 | Noticed Roxanne
 48080 | Spider:5 | Killed Roxanne
 48097 | Spider:5 | Identified Roxanne's Incunabulum of the Unstable Mountains (You took it off Roxanne on level 5 of the Spider Nest)
 48197 | Spider:5 | Killed Louise
 49087 | Elf:2    | Found a runed gate.
 49088 | Elf:2    | Found a runed gate.
 49112 | Elf:2    | Reached skill level 22 in Stealth
 49193 | Elf:2    | Found a runed gate.
 49345 | Elf:2    | Reached skill level 1 in Earth Magic
 49454 | Elf:2    | HP: 1/92 [deep elf knight/stone arrow (37)]
 49456 | Elf:2    | Slain by a large abomination

Action                   |  1- 3 |  4- 6 |  7- 9 | 10-12 | 13-15 | 16-18 || total
-------------------------+-------+-------+-------+-------+-------+-------++-------
Melee: Dagger            |   140 |   127 |   185 |    41 |       |       ||   493
       Rapier            |       |       |       |   401 |   865 |   661 ||  1927
 Fire: Blowgun           |       |       |       |    12 |    10 |       ||    22
Throw: Throwing net      |     2 |       |       |       |       |       ||     2
 Cast: Corona            |    29 |    16 |       |       |       |       ||    45
       Ensorcelled Hiber |     1 |    15 |    45 |   151 |   126 |    86 ||   424
       Confuse           |       |     1 |    48 |    55 |   235 |   134 ||   473
       Dazzling Spray    |       |       |    11 |    23 |   104 |    96 ||   234
       Sure Blade        |       |       |     1 |     1 |       |     1 ||     3
       Fireball          |       |       |       |       |    29 |    41 ||    70
       Bolt of Draining  |       |       |       |       |    30 |    13 ||    43
       Enslavement       |       |       |       |       |     3 |     1 ||     4
       Inner Flame       |       |       |       |       |     2 |     1 ||     3
       Sticky Flame      |       |       |       |       |     1 |     1 ||     2
       Lee's Rapid Decon |       |       |       |       |     1 |       ||     1
       Orb of Destructio |       |       |       |       |       |    61 ||    61
       Regeneration      |       |       |       |       |       |    16 ||    16
       Mephitic Cloud    |       |       |       |       |       |    34 ||    34
 Abil: Breathe Fire      |       |       |       |       |     1 |       ||     1
       Evoke Teleportati |       |       |       |       |       |     5 ||     5
Evoke: Wand              |       |       |       |       |     6 |    14 ||    20
       Phial of floods   |       |       |       |       |     1 |       ||     1
       Rod               |       |       |       |       |    32 |     9 ||    41
  Use: Potion            |     1 |       |       |     7 |     5 |     7 ||    20
       Scroll            |       |     3 |    17 |     5 |    15 |    10 ||    50
 Stab: Sleeping          |     9 |    32 |    52 |   121 |   180 |    97 ||   491
       Distracted        |       |     1 |       |     4 |    11 |     6 ||    22
       Confused          |       |       |    10 |    23 |    69 |    78 ||   180
       Invisible         |       |       |     5 |     6 |    33 |    18 ||    62
  Eat: Bread ration      |       |     1 |       |       |     1 |     2 ||     4
       Fruit             |       |       |     9 |     1 |    12 |     4 ||    26
       Royal jelly       |       |       |       |     1 |     1 |       ||     2
       Pizza             |       |       |       |       |     5 |     8 ||    13
